[Event "Titled Tuesday Blitz August 22 Late 2023"]
[White "Glavina, Pablo"]
[Black "Olsen, Filip Boe"]
[WhiteFideId "100234"]
[BlackFideId "1440640"]
[WhiteElo "2519"]
[BlackElo "2687"]
[Result "1/2-1/2"]
[Round "4"]
[TimeControl "180+1"]
[Date "2023.08.22"]
[WhiteClock "0:00:02"]
[BlackClock "0:00:19"]
[Board "76"]

1. c4 e6 2. g3 d5 3. Bg2 dxc4 4. Qa4+ Bd7 5. Qxc4 Bc6 6. Nf3 Nf6 7. O-O Be7 8. Nc3 O-O 9. d4 a6 10. Bf4 Nbd7 11. Rfd1 Nb6 12. Qd3 Nbd5 13. Ne5 Nxf4 14. gxf4 Bxg2 15. Kxg2 c5 16. dxc5 Bxc5 17. e3 Qe7 18. Qe2 Rfd8 19. Qf3 Bb4 20. Ne2 Bd6 21. Nc4 Nd5 22. Rac1 Rac8 23. Nd4 Qf6 24. Nxd6 Rxc1 25. Rxc1 Rxd6 26. e4 Nxf4+ 27. Qxf4 Qxd4 28. Rc8+ Rd8 29. Qb8 Qxe4+ 30. Kg1 Qe1+ 31. Kg2 Qe4+ 32. Kg1 Qg6+ 33. Kf1 Qb1+ 34. Kg2 Qg6+ 35. Kf1 Qd3+ 36. Kg2 Qd5+ 37. Kg3 Qg5+ 38. Kf3 Qd5+ 39. Kg3 Qd3+ 40. f3 Qg6+ 41. Kf4 Qf5+ 42. Kg3 Qg6+ 43. Kh3 Qf5+ 44. Kg3 Qg5+ 45. Kh3 Qh6+ 46. Kg3 Qg6+ 1/2-1/2


[Site "https://www.chess.com"]

[Event "Titled Tuesday Blitz August 22 Late 2023"]
[White "Rastbod, Ali"]
[Black "Geivondian, Arman"]
[WhiteFideId "12567477"]
[BlackFideId "24102032"]
[WhiteElo "2684"]
[BlackElo "2517"]
[Result "1-0"]
[Round "4"]
[TimeControl "180+1"]
[Date "2023.08.22"]
[WhiteClock "0:00:10"]
[BlackClock "0:00:29"]
[Board "77"]

1. Nf3 Nf6 2. g3 g6 3. Bg2 Bg7 4. O-O O-O 5. d4 d5 6. c3 Nbd7 7. a4 c5 8. b4 cxb4 9. cxb4 a5 10. b5 Nb6 11. Ne5 Bf5 12. Ba3 Nfd7 13. f4 Nxe5 14. fxe5 Nc4 15. Bc1 Qb6 16. Kh1 e6 17. Nc3 Rac8 18. e4 dxe4 19. Nxe4 Rfd8 20. Nf6+ Bxf6 21. exf6 Qxd4 22. Bf4 Be4 23. Qxd4 Rxd4 24. Bxe4 Rxe4 25. Rfd1 e5 26. Bh6 Rd4 27. Re1 Re8 28. Rac1 e4 29. Rc3 Ne5 30. Rc7 Rd7 31. b6 Rd6 32. Rxe4 Rde6 33. Rxb7 Rd8 34. Re7 Ng4 35. R4xe6 fxe6 36. f7+ Kh8 37. Re8+ Rxe8 38. fxe8=Q# 1-0


[Site "https://www.chess.com"]

[Event "Titled Tuesday Blitz August 22 Late 2023"]
[White "Chernikov, Vladimir"]
[Black "Salimova, Nurgyul"]
[WhiteFideId "14112914"]
[BlackFideId "2915138"]
[WhiteElo "2492"]
[BlackElo "2684"]
[Result "0-1"]
[Round "4"]
[TimeControl "180+1"]
[Date "2023.08.22"]
[WhiteClock "0:00:02"]
[BlackClock "0:00:10"]
[Board "78"]

1. Nf3 d6 2. d4 Nf6 3. b3 g6 4. Bb2 Bg7 5. e3 O-O 6. Be2 c5 7. O-O b6 8. d5 a6 9. c4 b5 10. cxb5 axb5 11. Bxb5 Bb7 12. Bc4 Nbd7 13. Nc3 Nb6 14. Qd3 Nfxd5 15. Nxd5 Bxb2 16. Rab1 Bxd5 17. Bxd5 Rxa2 18. b4 Nxd5 19. Qxd5 Qa8 20. Qb3 Qa3 21. Qxa3 Bxa3 22. bxc5 Bxc5 23. Rb7 e6 24. h4 h6 25. g4 Ra4 26. Nh2 Rfa8 27. Kg2 Ra2 28. Kf3 R8a3 29. Rb8+ Kg7 30. Rc8 Rc2 31. g5 h5 32. Kg3 d5 33. Rc6 Raa2 34. Nf3 Ba7 35. Rxc2 Rxc2 36. Ra1 Bb8+ 37. Kg2 Bd6 38. Ra6 Bc5 39. Rc6 Rc3 40. Ne5 Bb4 41. Rb6 Ba5 42. Rb7 Rc7 43. Rb5 Bc3 44. Nd3 Kf8 45. Kf3 Ke7 46. Nf4 Be5 47. Nd3 Bd6 48. Rb6 Rc4 49. Rb7+ Kf8 50. Rd7 Bh2 51. Kg2 Bc7 52. f4 Ke8 53. Rxc7 Rxc7 54. Ne5 Ra7 55. Kf3 Ra1 56. Nc6 Rh1 57. Kg3 Rg1+ 58. Kf2 Rg4 59. Ne5 Rxh4 60. Kg2 Ke7 61. Nf3 Rg4+ 62. Kh3 f6 63. gxf6+ Kxf6 64. Ne5 Kf5 65. Nf7 Ke4 66. f5 gxf5 67. Nd6+ Kxe3 68. Nf7 d4 69. Ne5 d3 70. Nc4+ Kf3 71. Nd2+ Ke2 72. Nb1 Rc4 73. Nc3+ Rxc3 0-1


[Site "https://www.chess.com"]

[Event "Titled Tuesday Blitz August 22 Late 2023"]
[White "Alex_Sahakyan2006"]
[Black "WindWhistler11"]
[WhiteElo "2681"]
[BlackElo "2486"]
[Result "1-0"]
[Round "4"]
[TimeControl "180+1"]
[Date "2023.08.22"]
[WhiteClock "0:00:08"]
[BlackClock "0:00:01"]
[Board "79"]

1. e4 e6 2. d4 d5 3. Bd3 Nc6 4. c3 e5 5. exd5 Qxd5 6. Nf3 e4 7. Qe2 f5 8. Bc4 Qd6 9. Ng5 Nh6 10. Na3 a6 11. g3 Be7 12. Bf4 Qg6 13. h4 Bd6 14. Nc2 Bd7 15. Ne3 Bxf4 16. gxf4 Qd6 17. Qh5+ Qg6 18. Qe2 O-O-O 19. O-O-O Qd6 20. Nh3 Na5 21. Bb3 Nxb3+ 22. axb3 Bb5 23. Qh5 Be8 24. Qg5 Qd7 25. Rhg1 Rg8 26. Nc4 Nf7 27. Qg3 Qb5 28. Kc2 Nd6 29. Ne5 h6 30. c4 Qb4 31. Qc3 Qxc3+ 32. bxc3 Bh5 33. Ra1 Nf7 34. b4 Nxe5 35. fxe5 Bg4 36. Nf4 g5 37. hxg5 hxg5 38. Ne6 Rde8 39. d5 Be2 40. Kb3 b5 41. cxb5 axb5 42. Ra7 Bc4+ 43. Kc2 Bxd5 44. Nxc7 Kb8 45. Rga1 Bb7 46. Nxb5 Rxe5 47. Nd6 Rg7 48. c4 f4 49. c5 Rc7 50. Nb5 Rc6 51. Rh1 e3 52. Rh8+ Rc8 53. Rh7 Bc6 54. Nd6 e2 55. b5 e1=Q 56. bxc6 Qe2+ 57. Kb3 Re3+ 58. fxe3 Qxe3+ 59. Kc4 Qe2+ 60. Kd5 Qd3+ 61. Ke6 Qb3+ 62. Kf5 Qd3+ 63. Kg4 Qe2+ 64. Kxg5 Rg8+ 65. Kf6 Qa2 66. Rhb7# 1-0


[Site "https://www.chess.com"]

[Event "Titled Tuesday Blitz August 22 Late 2023"]
[White "Olsson, William"]
[Black "Tatarinov, Dmitry"]
[WhiteFideId "1741721"]
[BlackFideId "24160067"]
[WhiteElo "2466"]
[BlackElo "2676"]
[Result "0-1"]
[Round "4"]
[TimeControl "180+1"]
[Date "2023.08.22"]
[WhiteClock "0:00:14"]
[BlackClock "0:01:18"]
[Board "80"]

1. c4 Nf6 2. g3 g6 3. Bg2 Bg7 4. Nc3 O-O 5. Nf3 d5 6. cxd5 Nxd5 7. O-O c5 8. e4 Nb4 9. Ne1 N8c6 10. a3 Nd3 11. Nxd3 Qxd3 12. Nd5 e6 13. Nf4 Qd6 14. d3 b6 15. Be3 Bb7 16. Qd2 Rfd8 17. Rfd1 Qe7 18. Rac1 Nd4 19. Bxd4 Rxd4 20. Ne2 Rd7 21. b4 cxb4 22. axb4 Rad8 23. d4 Ba6 24. Rb1 Bxe2 25. Qxe2 Bxd4 26. b5 Qf6 27. Kf1 h5 28. f4 e5 29. Qf3 exf4 30. gxf4 Bc5 31. Rxd7 Rxd7 32. f5 Qd4 33. fxg6 Qg1+ 34. Ke2 Qxb1 35. gxf7+ Rxf7 36. Qg3+ Rg7 37. Qb8+ Bf8 0-1


[Site "https://www.chess.com"]

[Event "Titled Tuesday Blitz August 22 Late 2023"]
[White "Ghasi, Ameet K"]
[Black "Kirillov, Dmitry"]
[WhiteFideId "409200"]
[BlackFideId "34180572"]
[WhiteElo "2675"]
[BlackElo "2474"]
[Result "1-0"]
[Round "4"]
[TimeControl "180+1"]
[Date "2023.08.22"]
[WhiteClock "0:01:05"]
[BlackClock "0:00:00"]
[Board "81"]

1. d4 Nf6 2. Bg5 c5 3. d5 Ne4 4. Bc1 Qa5+ 5. c3 e6 6. f3 Nf6 7. e4 exd5 8. exd5 d6 9. Na3 Be7 10. g4 O-O 11. Nc4 Qd8 12. a4 Re8 13. Ne2 Nxg4 14. fxg4 Bh4+ 15. Kd2 Bxg4 16. Rg1 Bf5 17. Nf4 Bg5 18. Qf3 Re4 19. Kd1 Bxf4 20. Bxf4 Qh4 21. Qg3 Qh5+ 22. Kd2 Bg6 23. Ne3 Nd7 24. Be2 Rd4+ 25. cxd4 1-0


[Site "https://www.chess.com"]

[Event "Titled Tuesday Blitz August 22 Late 2023"]
[White "Eggleston, Thomas A"]
[Black "Annaberdiyev, Meylis"]
[WhiteFideId "412139"]
[BlackFideId "14000563"]
[WhiteElo "2460"]
[BlackElo "2672"]
[Result "0-1"]
[Round "4"]
[TimeControl "180+1"]
[Date "2023.08.22"]
[WhiteClock "0:00:03"]
[BlackClock "0:00:26"]
[Board "82"]

1. e4 c5 2. Nf3 Nc6 3. Bb5 d6 4. Bxc6+ bxc6 5. O-O Bg4 6. h3 Bh5 7. Re1 e5 8. c3 Nf6 9. d4 cxd4 10. cxd4 Qc7 11. dxe5 dxe5 12. Nc3 Be7 13. g4 Bg6 14. Qe2 O-O 15. Nh4 Nd7 16. Nf5 Nc5 17. b3 Ne6 18. Be3 Bg5 19. Rad1 Rad8 20. Qc4 h6 21. h4 Bf4 22. h5 Bh7 23. Ne2 Bxe3 24. fxe3 Ng5 25. Kg2 Qa5 26. b4 Qa4 27. Neg3 Rxd1 28. Rxd1 Qxd1 29. Ne7+ Kh8 30. Nxc6 Qf3+ 31. Kh2 Qf2+ 32. Kh1 Qxg3 0-1


[Site "https://www.chess.com"]

[Event "Titled Tuesday Blitz August 22 Late 2023"]
[White "Rangel, Daniel"]
[Black "Mamedov, Edgar"]
[WhiteFideId "2124475"]
[BlackFideId "13739980"]
[WhiteElo "2459"]
[BlackElo "2670"]
[Result "0-1"]
[Round "4"]
[TimeControl "180+1"]
[Date "2023.08.22"]
[WhiteClock "0:00:00"]
[BlackClock "0:00:32"]
[Board "83"]

1. d4 d5 2. Nf3 Nf6 3. e3 e6 4. Bd3 c5 5. O-O Nc6 6. b3 Be7 7. a3 O-O 8. Bb2 b6 9. Nbd2 Bb7 10. Ne5 Nxe5 11. dxe5 Nd7 12. f4 f6 13. exf6 Bxf6 14. Bxf6 Qxf6 15. Qh5 g6 16. Qe2 e5 17. fxe5 Qxe5 18. e4 dxe4 19. Bxe4 Rae8 20. Qc4+ Kh8 21. Bxb7 Qe3+ 22. Kh1 Qxd2 23. Rfd1 Qe3 24. h3 Ne5 25. Qd5 Rf5 26. Re1 Qg3 27. Bc6 Ref8 28. Rad1 Ng4 29. hxg4 Rxd5 30. Bxd5 Qxg4 31. Bf3 Qh4+ 32. Kg1 Rd8 33. Rxd8+ Qxd8 34. Re2 Kg7 35. a4 Qd4+ 36. Kf1 Kf6 37. Be4 Kg5 38. Bd3 Qd6 39. Re4 h5 40. Kf2 Kh6 41. Kf3 Qf6+ 42. Ke2 Qg5 43. Kf2 Qf5+ 44. Kg1 Qf6 45. Kh2 Kg7 46. Kg1 Qd6 47. Re2 g5 48. Re4 g4 49. Kf2 Kf6 50. Bc4 Kf5 51. Re2 Qd4+ 0-1


[Site "https://www.chess.com"]

[Event "Titled Tuesday Blitz August 22 Late 2023"]
[White "Buchenau, Frank"]
[Black "Korchmar, Vasiliy"]
[WhiteFideId "4604350"]
[BlackFideId "24131750"]
[WhiteElo "2457"]
[BlackElo "2669"]
[Result "1-0"]
[Round "4"]
[TimeControl "180+1"]
[Date "2023.08.22"]
[WhiteClock "0:01:10"]
[BlackClock "0:00:30"]
[Board "84"]

1. e4 c5 2. Nf3 d6 3. Bb5+ Nd7 4. O-O a6 5. Bd3 Ngf6 6. Re1 e6 7. c3 b5 8. a4 b4 9. Bc2 Bb7 10. d4 Be7 11. Nbd2 O-O 12. e5 dxe5 13. dxe5 Nd5 14. Ne4 h6 15. c4 N5b6 16. Qd3 Bxe4 17. Qxe4 f5 18. exf6 Nxf6 19. Qxe6+ Kh8 20. Qxe7 Nxc4 21. Qxd8 Raxd8 22. b3 Na5 23. Ne5 Kg8 24. Be3 Rfe8 25. Bxc5 Rd2 26. Bg6 Rb8 27. Rad1 Rb2 28. Nd7 Nxd7 29. Rxd7 Nxb3 30. Bf7+ Kh8 31. Bxb3 Rxb3 32. Bd4 Rg8 33. g3 Ra3 34. Ree7 Rxa4 35. h4 b3 36. Bxg7+ Kh7 37. h5 1-0


[Site "https://www.chess.com"]

[Event "Titled Tuesday Blitz August 22 Late 2023"]
[White "Tsyhanchuk, Stanislav"]
[Black "Piesik, Piotr"]
[WhiteFideId "13505130"]
[BlackFideId "1136194"]
[WhiteElo "2455"]
[BlackElo "2660"]
[Result "0-1"]
[Round "4"]
[TimeControl "180+1"]
[Date "2023.08.22"]
[WhiteClock "0:00:11"]
[BlackClock "0:01:44"]
[Board "85"]

1. c4 g6 2. Nc3 Bg7 3. d4 d6 4. e4 Nd7 5. f4 e5 6. Nf3 exd4 7. Nxd4 Ngf6 8. Bd3 Nc5 9. Bc2 O-O 10. b4 Bg4 11. Qd2 Ncxe4 12. Nxe4 Nxe4 13. Bxe4 Re8 14. O-O Rxe4 15. Bb2 Qf6 16. f5 Rxd4 17. Qe3 Bxf5 18. Rad1 c5 19. Bxd4 Qxd4 20. Qxd4 Bxd4+ 21. Kh1 Re8 22. b5 Re2 23. a4 Be4 0-1


[Site "https://www.chess.com"]

[Event "Titled Tuesday Blitz August 22 Late 2023"]
[White "Kleiman, Jake"]
[Black "Salazar Farias, Luis German"]
[WhiteFideId "2020041"]
[BlackFideId "3902170"]
[WhiteElo "2659"]
[BlackElo "2453"]
[Result "1-0"]
[Round "4"]
[TimeControl "180+1"]
[Date "2023.08.22"]
[WhiteClock "0:01:45"]
[BlackClock "0:00:11"]
[Board "86"]

1. e4 c6 2. Nc3 d5 3. Nf3 dxe4 4. Nxe4 Nf6 5. Qe2 Nxe4 6. Qxe4 Nd7 7. Bc4 Nf6 8. Ne5 e6 9. Qe2 b5 10. Bb3 Qc7 11. d4 Bd6 12. O-O O-O 13. Bf4 a5 14. a4 bxa4 15. Bc4 c5 16. Rfd1 Nd5 17. Bg3 cxd4 18. Rxd4 Bb7 19. Bd3 f5 20. Nc4 Bxg3 21. Qxe6+ Kh8 22. hxg3 Rae8 23. Qd6 Qc8 24. Rxd5 Rd8 25. Rc5 Qa8 26. Qe5 Bxg2 27. Rc7 Rg8 28. Nd6 Bd5 29. Qxd5 Qxd5 30. Nf7+ Qxf7 31. Rxf7 g6 32. Rxa4 Rd5 33. Ra7 Rb8 34. b3 Rdb5 35. Bxb5 Rxb5 36. R4xa5 Rxa5 37. Rxa5 Kg7 38. Rd5 Kf6 39. b4 h5 40. b5 Kg5 41. Kg2 Kg4 42. f3+ Kg5 43. b6 h4 44. gxh4+ Kxh4 45. b7 f4 46. b8=Q g5 47. Qh8# 1-0


[Site "https://www.chess.com"]

[Event "Titled Tuesday Blitz August 22 Late 2023"]
[White "Pein, Jonathan"]
[Black "Pham, Le Thao Nguyen"]
[WhiteFideId "417092"]
[BlackFideId "12401226"]
[WhiteElo "2439"]
[BlackElo "2658"]
[Result "1-0"]
[Round "4"]
[TimeControl "180+1"]
[Date "2023.08.22"]
[WhiteClock "0:00:51"]
[BlackClock "0:00:00"]
[Board "87"]

1. e4 c6 2. b3 d5 3. Bb2 dxe4 4. Nc3 Bf5 5. Nge2 Nf6 6. Ng3 Bg6 7. h4 h6 8. Qe2 Qd4 9. O-O-O e6 10. h5 Bh7 11. Kb1 Qb4 12. Rh4 Be7 13. a3 Qa5 14. b4 Qc7 15. Rxe4 Nxe4 16. Ncxe4 Rg8 17. d4 Nd7 18. Qf3 Nf6 19. Bd3 Nxe4 20. Nxe4 Bxe4 21. Bxe4 Bf6 22. b5 Rc8 23. a4 Be7 24. Bh7 Rh8 25. Bd3 Kf8 26. g4 cxb5 27. axb5 a6 28. d5 exd5 29. Bf5 Rd8 30. Be6 Bg5 31. Rxd5 axb5 32. Rf5 f6 33. Rxb5 1-0


[Site "https://www.chess.com"]

[Event "Titled Tuesday Blitz August 22 Late 2023"]
[White "Kupervaser, Erez"]
[Black "Shuvalova, Polina"]
[WhiteFideId "2814587"]
[BlackFideId "24171760"]
[WhiteElo "2436"]
[BlackElo "2655"]
[Result "0-1"]
[Round "4"]
[TimeControl "180+1"]
[Date "2023.08.22"]
[WhiteClock "0:00:22"]
[BlackClock "0:00:59"]
[Board "88"]

1. e4 c6 2. d4 d5 3. e5 Bf5 4. h4 h5 5. Bd3 Bxd3 6. Qxd3 Qa5+ 7. b4 Qa6 8. e6 Qxd3 9. cxd3 fxe6 10. Nd2 Na6 11. Rb1 Nh6 12. Ne2 Nc7 13. Nf3 Nf5 14. Ne5 Rg8 15. a4 a6 16. Bg5 g6 17. O-O Bg7 18. Nxg6 Bxd4 19. Ngf4 Bf6 20. Bxf6 exf6 21. Nxh5 Kf7 22. Nhg3 Nxh4 23. d4 Rg4 24. Rfc1 Rag8 25. Kf1 f5 26. b5 axb5 27. axb5 Nxb5 28. Rxb5 cxb5 29. Rc7+ Kg6 30. f3 Rg5 31. Nf4+ Kh6 32. Nge2 Nxg2 33. Nxe6 R5g6 34. N6f4 Nxf4 35. Nxf4 R6g7 36. Rc5 Rg1+ 37. Kf2 Rb1 38. Rxd5 Rb2+ 39. Ke3 Re8+ 40. Kd3 Rb3+ 41. Kc2 Rxf3 42. Re5 Rxe5 0-1


[Site "https://www.chess.com"]

[Event "Titled Tuesday Blitz August 22 Late 2023"]
[White "Ehlvest, Jaan"]
[Black "Titichoca Daza, Daniel"]
[WhiteFideId "4500016"]
[BlackFideId "3309550"]
[WhiteElo "2655"]
[BlackElo "2434"]
[Result "1-0"]
[Round "4"]
[TimeControl "180+1"]
[Date "2023.08.22"]
[WhiteClock "0:00:03"]
[BlackClock "0:00:02"]
[Board "89"]

1. e4 e5 2. Nf3 Nc6 3. Bc4 Bc5 4. c3 Nf6 5. d3 d6 6. O-O a5 7. h3 O-O 8. Re1 Be6 9. Bb5 Bb6 10. Bg5 Ne7 11. Nh4 Ng6 12. Nxg6 fxg6 13. d4 h6 14. Bh4 c6 15. Ba4 g5 16. Bg3 Nd7 17. Na3 Qf6 18. Nc2 Bc4 19. Ne3 Be6 20. Bb3 exd4 21. cxd4 Kh8 22. Bxe6 Qxe6 23. Qd3 Rae8 24. Nc4 Bc7 25. Re3 b5 26. Nd2 Bb6 27. Rc1 c5 28. d5 Qf6 29. Qxb5 Qe7 30. Nc4 Bc7 31. Rce1 Nf6 32. Qc6 Rd8 33. e5 dxe5 34. Bxe5 Bxe5 35. Nxe5 Kh7 36. Nc4 Qd7 37. Qxd7 Rxd7 38. d6 Rfd8 39. Re5 Kg6 40. Rxc5 Kh7 41. Rxa5 Nh5 42. b3 Nf4 43. Ra6 Nd3 44. Re3 Nb4 45. Ra4 Nd5 46. Rd3 Nf4 47. Rd2 Re8 48. g3 Re1+ 49. Kh2 Ne6 50. Ra8 Nc5 51. Rc8 Rf7 52. Rc7 Rf5 53. Rxc5 Rxc5 54. d7 Rf5 55. d8=Q h5 56. Qd3 g6 57. g4 Rf4 58. Qd7+ Kh6 59. Qd8 Kh7 60. Rd7+ Kh6 61. Qh8# 1-0


[Site "https://www.chess.com"]

[Event "Titled Tuesday Blitz August 22 Late 2023"]
[White "ExchangeAB"]
[Black "Garcia Blanco, Omar"]
[BlackFideId "2287153"]
[WhiteElo "2428"]
[BlackElo "2654"]
[Result "1-0"]
[Round "4"]
[TimeControl "180+1"]
[Date "2023.08.22"]
[WhiteClock "0:00:40"]
[BlackClock "0:00:02"]
[Board "90"]

1. d4 f5 2. Nf3 Nf6 3. Bg5 d5 4. Bxf6 exf6 5. e3 Be6 6. Bd3 Qd7 7. O-O Nc6 8. Nc3 Ne7 9. Ne2 g6 10. b3 c6 11. c4 Bf7 12. Rc1 h5 13. b4 dxc4 14. Bxc4 Bxc4 15. Rxc4 g5 16. Qc1 h4 17. b5 g4 18. bxc6 Nxc6 19. Nd2 Bd6 20. Nb3 O-O-O 21. d5 Bxh2+ 22. Kxh2 Qxd5 23. Nbd4 g3+ 24. Kg1 h3 25. Nf4 gxf2+ 26. Rxf2 Qd6 27. Nxc6 h2+ 28. Kh1 Qd1+ 29. Rf1 Qxc1 30. Rcxc1 bxc6 31. Rxc6+ Kb7 32. Rxf6 Rd2 33. Rxf5 Rxa2 34. Rh5 Re8 35. Rf3 Ra3 36. Rhh3 Rb3 37. Kxh2 a5 38. Rfg3 a4 39. Rg7+ Kc6 40. Rh6+ Kc5 41. Ra7 a3 42. Ne6+ Kd6 43. Nd4+ Kd5 44. Nxb3 Rxe3 45. Rxa3 Ke5 46. Rh4 Kf6 47. Rb4 Re6 48. Ra5 Kf7 49. Nd4 Rh6+ 50. Kg1 Rd6 51. Nf5 Rd1+ 52. Kh2 Rd8 53. Rb6 Rh8+ 54. Kg1 Rd8 55. Ra7+ Kf8 56. Rbb7 Rc8 57. Rf7+ Kg8 58. Nh6+ Kh8 59. Rh7# 1-0


[Site "https://www.chess.com"]

[Event "Titled Tuesday Blitz August 22 Late 2023"]
[White "ArmanGhevondyanchess"]
[Black "Filipascu"]
[WhiteElo "2409"]
[BlackElo "2653"]
[Result "0-1"]
[Round "4"]
[TimeControl "180+1"]
[Date "2023.08.22"]
[WhiteClock "0:00:43"]
[BlackClock "0:01:27"]
[Board "91"]

1. Nf3 Nf6 2. g3 d5 3. Bg2 c6 4. O-O Bg4 5. d4 e6 6. b3 Nbd7 7. Bb2 Bd6 8. c4 O-O 9. Nc3 Re8 10. Rc1 a5 11. Re1 Nf8 12. e4 dxe4 13. Nxe4 Nxe4 14. Rxe4 Bf5 15. Re2 a4 16. Ne5 axb3 17. Qxb3 Qc7 18. Rce1 Ra7 19. Bc3 Rea8 20. c5 Bxe5 21. dxe5 Nd7 22. Bd4 Ra3 23. Qb2 h6 24. Rd2 R8a7 25. Red1 Kh7 26. Be3 Nxe5 27. Bf4 f6 28. Bxe5 Qxe5 29. Qxe5 fxe5 30. Rd7 Rxa2 31. Re7 Ra1 32. Rd7 Rxd1+ 33. Rxd1 Ra5 34. Rc1 Kg6 35. h3 Kf6 36. g4 Bd3 37. Kh2 e4 38. Kg3 g5 39. Rc3 Ke5 40. f3 Kd4 41. Rb3 Rb5 42. Ra3 e3 43. f4 e2 44. Ra1 gxf4+ 45. Kf2 e5 46. Ra4+ Kxc5 47. h4 Rb1 0-1


[Site "https://www.chess.com"]

[Event "Titled Tuesday Blitz August 22 Late 2023"]
[White "Godzwon, Iwo"]
[Black "Cmorales2001"]
[WhiteFideId "21802483"]
[WhiteElo "2649"]
[BlackElo "2395"]
[Result "0-1"]
[Round "4"]
[TimeControl "180+1"]
[Date "2023.08.22"]
[WhiteClock "0:00:25"]
[BlackClock "0:00:11"]
[Board "92"]

1. c4 e6 2. Nc3 d5 3. e3 Nf6 4. Nf3 Be7 5. b3 O-O 6. Bb2 b6 7. Qc2 Bb7 8. Be2 Nbd7 9. d4 c5 10. O-O Rc8 11. Rfd1 cxd4 12. Nxd4 Qc7 13. Rac1 Qb8 14. Qb1 dxc4 15. Bxc4 Ne5 16. Bf1 Neg4 17. g3 Rc5 18. Nce2 Rh5 19. h3 Nxf2 20. Kxf2 Ne4+ 21. Ke1 Nxg3 22. Nf4 Re5 23. Rd3 Rxe3+ 24. Rxe3 Qxf4 25. Qd3 Nxf1 26. Re2 Ng3 27. Rf2 Bb4+ 28. Bc3 Qxc1+ 0-1


[Site "https://www.chess.com"]

[Event "Titled Tuesday Blitz August 22 Late 2023"]
[White "Seresin, Francesco"]
[Black "Mendez Fortes, Eduardo Jesus"]
[WhiteFideId "886335"]
[BlackFideId "3502376"]
[WhiteElo "2384"]
[BlackElo "2644"]
[Result "0-1"]
[Round "4"]
[TimeControl "180+1"]
[Date "2023.08.22"]
[WhiteClock "0:00:12"]
[BlackClock "0:00:11"]
[Board "93"]

1. d4 Nf6 2. c4 e6 3. Nc3 Bb4 4. Qc2 O-O 5. a3 Bxc3+ 6. Qxc3 b6 7. Bg5 d6 8. e3 Nbd7 9. Ne2 h6 10. Bh4 c5 11. Rd1 Qe7 12. Qc2 Bb7 13. Nc3 a6 14. Be2 Bxg2 15. Rg1 Bb7 16. d5 exd5 17. Nxd5 Bxd5 18. Rxd5 Qe6 19. Qc3 g6 20. Rd1 Ne4 21. Qd3 Rae8 22. Bf3 Ng5 23. Bxg5 hxg5 24. Qxd6 Qxd6 25. Rxd6 Ne5 26. Bd5 b5 27. Rxg5 Kg7 28. f4 Nd3+ 29. Kd2 Nxb2 30. f5 Rd8 31. Rxd8 Rxd8 32. Kc3 Na4+ 33. Kb3 Kf6 34. h4 Nb6 35. fxg6 fxg6 36. Be4 Nxc4 37. Rxg6+ Ke5 38. Bc2 a5 39. a4 Nd2+ 40. Kb2 Nc4+ 41. Kb3 Nd2+ 42. Kb2 bxa4 43. Ra6 Rh8 44. Kc3 Ne4+ 45. Bxe4 Kxe4 46. Rxa5 Kd5 47. Rxa4 Re8 48. Kd3 Kc6 49. Rg4 Kb5 50. h5 Rh8 51. Rh4 Rh6 52. Kc3 Re6 53. e4 Rh6 54. Kb3 Kc6 55. Kc3 Kb5 56. Kb3 c4+ 57. Kc3 Kc5 58. Rh3 Ra6 59. Kb2 Kb4 60. h6 c3+ 61. Kc2 Ra2+ 62. Kc1 Kb3 63. Kb1 Re2 64. Rh1 Rb2+ 65. Ka1 Ra2+ 66. Kb1 c2+ 67. Kc1 Ra1+ 68. Kd2 Rxh1 69. h7 c1=Q+ 0-1


[Site "https://www.chess.com"]

[Event "Titled Tuesday Blitz August 22 Late 2023"]
[White "Turayev, Shahruh"]
[Black "Andrews, Todd"]
[WhiteFideId "14003856"]
[BlackFideId "2012456"]
[WhiteElo "2637"]
[BlackElo "2374"]
[Result "1/2-1/2"]
[Round "4"]
[TimeControl "180+1"]
[Date "2023.08.22"]
[WhiteClock "0:00:30"]
[BlackClock "0:00:18"]
[Board "94"]

1. e4 c5 2. Nc3 d6 3. f4 g6 4. Nf3 Bg7 5. Bc4 Nc6 6. O-O Nd4 7. d3 e6 8. Kh1 Ne7 9. Nxd4 cxd4 10. Ne2 O-O 11. Bb3 Kh8 12. Ng3 f5 13. exf5 Nxf5 14. Nxf5 gxf5 15. Qf3 Rb8 16. Bd2 Bd7 17. Rae1 Qf6 18. Re2 Bc6 19. Qh3 e5 20. c3 Qg6 21. cxd4 e4 22. d5 Bb5 23. Bc4 Bxc4 24. dxc4 Bxb2 25. Bb4 Bg7 26. Bc3 Rg8 27. Bxg7+ Rxg7 28. Re3 Rbg8 29. g3 Qf6 30. Rd1 Rc7 31. Rb3 b6 32. Rc1 Rxc4 33. Rxc4 Qa1+ 34. Kg2 Qxa2+ 35. Kg1 Qxb3 36. Rc7 Qd1+ 37. Kg2 Qf3+ 38. Kg1 Qe3+ 39. Kg2 Qf3+ 40. Kg1 Qe3+ 41. Kg2 Qf3+ 1/2-1/2


[Site "https://www.chess.com"]

[Event "Titled Tuesday Blitz August 22 Late 2023"]
[White "OPQRC"]
[Black "whiteglovethief"]
[WhiteElo "2635"]
[BlackElo "2368"]
[Result "0-1"]
[Round "4"]
[TimeControl "180+1"]
[Date "2023.08.22"]
[WhiteClock "0:00:28"]
[BlackClock "0:00:21"]
[Board "95"]

1. e4 e6 2. d3 Nc6 3. Nf3 d5 4. Nbd2 e5 5. g3 Nf6 6. Bg2 Bc5 7. O-O dxe4 8. Nxe4 Nxe4 9. dxe4 Qxd1 10. Rxd1 Bg4 11. c3 a5 12. h3 Bxf3 13. Bxf3 Ke7 14. b3 Rhd8 15. Kf1 f6 16. Rxd8 Rxd8 17. a3 Rd3 18. Be2 Rxc3 19. Rb1 Rc2 20. b4 axb4 21. axb4 Nxb4 22. Ba3 Na6 23. Rxb7 Bxa3 24. Bxa6 Kd6 25. Be2 Rb2 26. Ra7 Bc5 27. Ra6+ Bb6 28. f4 Kc5 29. f5 Kd4 30. Ra4+ Ke3 31. Ra3+ Kxe4 32. Bd3+ Kd4 33. Be2 Bc5 34. Rd3+ Ke4 35. g4 Bd4 36. h4 c5 37. Rd1 Kf4 38. h5 e4 39. Rc1 Kg3 40. Rd1 h6 41. Rc1 Kf4 42. Rd1 Ke3 43. Bc4 Kf3 44. Rc1 Rh2 0-1


[Site "https://www.chess.com"]

[Event "Titled Tuesday Blitz August 22 Late 2023"]
[White "Omelja, Artem"]
[Black "Filip, Andrei"]
[WhiteFideId "14119846"]
[BlackFideId "1249452"]
[WhiteElo "2624"]
[BlackElo "2349"]
[Result "1-0"]
[Round "4"]
[TimeControl "180+1"]
[Date "2023.08.22"]
[WhiteClock "0:00:04"]
[BlackClock "0:00:03"]
[Board "96"]

1. d4 Nf6 2. c4 e6 3. Nf3 c5 4. d5 b5 5. dxe6 fxe6 6. cxb5 d5 7. e3 Nbd7 8. Be2 Bd6 9. O-O Bb7 10. b3 e5 11. Bb2 Qe7 12. Nbd2 e4 13. Nh4 Qe6 14. h3 O-O 15. Bg4 Nxg4 16. Qxg4 Qxg4 17. hxg4 Ne5 18. Nf5 Bc7 19. f3 Nd3 20. Bc3 Be5 21. Bxe5 Nxe5 22. Nd6 Rab8 23. fxe4 dxe4 24. N2xe4 Bxe4 25. Nxe4 Nxg4 26. Rxf8+ Rxf8 27. Nxc5 Nxe3 28. a4 Rc8 29. Rc1 Rd8 30. Ne4 Rd4 31. Rc8+ Kf7 32. Ng5+ Kg6 33. Nf3 Rd1+ 34. Kf2 Ng4+ 35. Kg3 Nf6 36. Rc7 Rb1 37. Rxa7 Rxb3 38. Ra6 Kf5 39. Kh3 Nd5 40. Kg3 g5 41. Rd6 Nc3 42. Rd8 Ne4+ 43. Kh2 Ra3 44. Nd4+ Kf4 45. Re8 Rxa4 46. Ne2+ Kf5 47. b6 Rb4 48. Rb8 Nd6 49. Nc3 Nc4 50. Nd5 Ke5 51. Nxb4 Nxb6 52. Rxb6 h5 53. Rh6 Kf5 54. Rxh5 Kg4 55. Rh8 Kf4 56. Nc2 Kg4 57. Ne3+ 1-0


[Site "https://www.chess.com"]

[Event "Titled Tuesday Blitz August 22 Late 2023"]
[White "Sala, Giulia"]
[Black "Vlassov, Nikolai"]
[WhiteFideId "2840451"]
[BlackFideId "4103360"]
[WhiteElo "2322"]
[BlackElo "2619"]
[Result "1/2-1/2"]
[Round "4"]
[TimeControl "180+1"]
[Date "2023.08.22"]
[WhiteClock "0:00:09"]
[BlackClock "0:00:17"]
[Board "97"]

1. d4 Nf6 2. c4 Nc6 3. Nf3 e6 4. Nc3 Bb4 5. Bd2 O-O 6. e3 d6 7. a3 Bxc3 8. Bxc3 Ne4 9. Qc2 f5 10. Bd3 Nxc3 11. Qxc3 Qf6 12. b4 e5 13. Be2 e4 14. Nd2 Bd7 15. g3 Rae8 16. h4 g6 17. O-O-O Ne7 18. Kb2 c5 19. dxc5 dxc5 20. bxc5 Ba4 21. Nb3 Rc8 22. Qxf6 Rxf6 23. Rd6 Kf7 24. Rhd1 Bxb3 25. Kxb3 Rxc5 26. Rxf6+ Kxf6 27. Rd7 Nc6 28. Rxh7 b6 29. h5 gxh5 30. Rxh5 Ne5 31. Rh7 a5 32. Rh6+ Kg5 33. Rxb6 Rc8 34. Rb5 Kf6 35. Rb6+ Kg5 36. Rb5 Kf6 37. c5 Rd8 38. Kc3 Ng4 39. Bxg4 fxg4 40. c6 Ke6 41. c7 Rd3+ 42. Kc2 Kd7 43. Rc5 Kc8 44. Rc4 Rxa3 45. Rxe4 Ra2+ 46. Kb3 Rxf2 47. Rxg4 Kxc7 48. Rg5 Kb6 49. Rg6+ Kb5 50. Rg5+ Kb6 51. Rg6+ Kb5 52. Rg5+ Kb6 1/2-1/2


[Site "https://www.chess.com"]